 Dungeon Crawl Stone Soup version 0.15-a0-183-gc0cdb55 (webtiles) character file.

4661 PolkaDot the Jinx (level 10, -6/63 HPs)
             Began as a Vampire Enchanter on Apr 20, 2014.
             Was a Follower of Ashenzari.
             Killed by divine providence
             ... invoked by an orc priest
              (8 damage)
             ... on Level 8 of the Dungeon.
             The game lasted 00:48:12 (8946 turns).

PolkaDot the Jinx (Vampire Enchanter)               Turns: 8946, Time: 00:48:12

HP  -6/63        AC  7     Str  7      XL: 10   Next: 14%
MP   2/20        EV 11     Int 17      God: Ashenzari [*.....]
Gold 252         SH  0     Dex 17      Spells:  5 memorised,  2 levels left

rFire  + . .     SeeInvis +     r - +2,+0 dagger (flame)
rCold  + + .     Clarity  .     C - +2 leather armour {rF+}
rNeg   + + +     Conserve .     (no shield)
rPois  +         rCorr    .     (no helmet)
rElec  .         rRot     +     B - +1 cloak {+Inv}
SustAb + .       Spirit   .     (no gloves)
rMut   .         Warding  .     (no boots)
Saprov . . .     Stasis   .     (no amulet)
MR     +....                    (no ring)
                                n - ring of sustain abilities

@: non-regenerating, about to teleport, very slightly contaminated, somewhat
resistant to hostile enchantments, extremely stealthy
A: bottle blood, fangs 3, see invisible, (high mp 0), unbreathing
a: Bat Form, Bottle Blood, Renounce Religion, Evoke Invisibility


You were on level 8 of the Dungeon.
You worshipped Ashenzari.
Ashenzari was aware of your devotion.
You were bloodless.

You visited 2 branches of the dungeon, and saw 9 of its levels.
You also visited: Sewer.

You collected 462 gold pieces.
You spent 210 gold pieces at shops.

Inventory:

Hand weapons
 r - a +2,+0 dagger of flaming (weapon)
Missiles
 d - 12 darts (quivered)
Armour
 B - a +1 cloak of darkness (worn)
 C - a +2 leather armour of fire resistance (worn)
Magical devices
 h - a wand of digging (2)
 m - a wand of lightning (8) {unknown}
 t - a wand of teleportation (1) {unknown}
Scrolls
 a - a scroll of enchant weapon I
 b - a scroll of magic mapping
 e - a scroll of immolation
 i - a scroll of enchant armour {unknown}
 k - 4 scrolls of teleportation
 o - 2 scrolls of blinking
 s - 2 scrolls of recharging {unknown}
 u - a scroll of noise {unknown}
 w - 2 scrolls of amnesia
 y - a scroll of fear
 z - 2 scrolls of identify
 A - a scroll of fog {unknown}
Jewellery
 n - a ring of sustain abilities (left hand)
Potions
 f - a potion of might
 g - 3 potions of restore abilities
 j - 3 potions of curing
 q - a potion of berserk rage {unknown}
Books
 c - a book of Maledictions

   Spells                             Type                      Level
   *Corona                            Hexes                        1
   *Sure Blade                        Hexes/Charms                 2
   *Ensorcelled Hibernation           Hexes/Ice                    2
   *Confuse                           Hexes                        3
   *Dazzling Spray                    Conjuration/Hexes            3
   Enslavement                        Hexes                        4
 l - a book of Beasts

   Spells                             Type                      Level
   Summon Butterflies                 Summoning                    1
   Call Canine Familiar               Summoning                    3
   Summon Ice Beast                   Ice/Summoning                4
   Summon Mana Viper                  Hexes/Summoning              5
   Monstrous Menagerie                Summoning                    6
   Summon Hydra                       Summoning                    7
 p - a book of Air

   Spells                             Type                      Level
   Shock                              Conjuration/Air              1
   Swiftness                          Charms/Air                   2
   Repel Missiles                     Charms/Air                   2
   Flight                             Charms/Air                   3
   Static Discharge                   Conjuration/Air              3
   Lightning Bolt                     Conjuration/Air              5
 x - a book of Cantrips

   Spells                             Type                      Level
   Confusing Touch                    Hexes                        1
   Animate Skeleton                   Necromancy                   1
   Summon Small Mammal                Summoning                    1
   Apportation                        Translocation                1


   Skills:
 - Level 5.7 Short Blades
 - Level 0.7 Throwing
 - Level 2.1 Dodging
 + Level 11.5 Stealth
 - Level 2.0 Spellcasting
 + Level 13.1 Hexes
 * Level 7.4 Evocations


You had 2 spell levels left.
You knew the following spells:

 Your Spells              Type           Power        Failure   Level  Hunger
a - Corona                Hex            #####..      1%          1    #......
b - Sure Blade            Hex/Chrm       ###.......   1%          2    ###....
c - Confuse               Hex            #####...     1%          3    ####...
d - Ensorcelled Hibernat  Hex/Ice        ###...       1%          2    ###....
e - Dazzling Spray        Conj/Hex       ###.....     4%          3    ####...


Dungeon Overview and Level Annotations

Branches:
Dungeon (8/15)             Temple (1/1) D:7            Lair (0/8) D:8

Altars:
Ashenzari
Cheibriados
Dithmenos
Elyvilon
Fedhas
Kikubaaqudgha
Makhleb
Nemelex Xobeh
Okawaru
Sif Muna
Trog
Vehumet
Xom
Yredelemnul
Zin
The Shining One

Shops:
D:4 *


Innate Abilities, Weirdness & Mutations

You do not heal naturally.
You can bottle blood from corpses.
You have razor-sharp teeth.*
You have supernaturally acute eyesight.
You can survive without breathing.*
((You have an increased reservoir of magic (+10% MP).))+


Message History

The orc priest hits you with a flail.
* * * LOW HITPOINT WARNING * * *
The orc wizard hits you but does no damage.
The orc hits you with a hand axe.
* * * LOW HITPOINT WARNING * * *
The orc hits you.
* * * LOW HITPOINT WARNING * * *
The orc hits you but does no damage.
You closely miss the orc priest. The orc wizard completely misses you.
The orc priest calls down the wrath of Beogh upon you.
Something smites you!
* * * LOW HITPOINT WARNING * * *
Read which item? (? for menu, Esc to quit)
Blink to where?
Press: ? - help, Dir - move target cursor, p - orc priest
As you read the scroll of blinking, it crumbles to dust.
You are very lightly contaminated with residual magic.
The orc priest mumbles some strange prayers to Beogh against you.
Something smites you!
You die...

................................
........................%.......
................................
.................................
.......)...o.....................
......Io§o.......................
.........#.o.........#......#...
.......#####.......##......#..
....... #...@..##.......# #......
#########...##### ...... #...#
##### #####


You could see an orc priest and 2 orcs.

Vanquished Creatures
  Grinder (D:4)
  A two-headed ogre (D:8)
  A wyvern (D:8)
  2 yaks (D:8)
  A hippogriff (D:8)
  A steam dragon (D:7)
  Menkaure (D:6)
  3 orc warriors
  A slave (D:8)
  2 ice beasts (D:8)
  A black bear (D:6)
  A phantom (D:4)
  5 ogres
  2 centaurs
  A cyclops zombie (D:5)
  Blork the orc (D:8)
  A big kobold (D:7)
  2 giant frogs
  4 scorpions
  3 crimson imps
  A quasit (D:6)
  A goliath beetle (D:5)
  A giant frog skeleton (D:6)
  A giant frog zombie (D:8)
  4 jellies
  3 hounds
  Crazy Yiuf (D:5)
  4 iguanas
  3 orc priests
  7 orc wizards
  7 worker ants
  A sheep (D:8)
  A sky beast zombie (D:6)
  6 green rats (Sewer)
  A worm zombie (D:6)
  11 adders
  An inept feature mimic (D:3)
  A shadow imp (D:6)
  A steam dragon skeleton (D:7)
  4 giant mites
  6 worms
  6 giant geckos
  2 oozes
  38 orcs
  12 bats
  5 giant cockroaches
  10 goblins
  17 hobgoblins
  12 jackals
  17 kobolds
  A quokka (D:6)
  4 ball pythons
  15 giant newts
  A giant spore (D:7)
  A goblin skeleton (D:5)
  A kobold skeleton (D:6)
  2 orc skeletons
  27 rats
  2 rat skeletons
  A fungus (D:5)
275 creatures vanquished.

Notes
Turn   | Place    | Note
--------------------------------------------------------------
     0 | D:1      | PolkaDot, the Vampire Enchanter, began the quest for the Orb.
     0 | D:1      | Reached XP level 1. HP: 13/13 MP: 3/3
   431 | D:1      | Reached XP level 2. HP: 19/19 MP: 4/4
   435 | D:1      | Learned a level 2 spell: Ensorcelled Hibernation
   675 | D:1      | Reached skill level 5 in Hexes
  1068 | D:2      | Reached XP level 3. HP: 16/24 MP: 3/6
  1243 | D:2      | Learned a level 3 spell: Confuse
  1356 | D:2      | Reached XP level 4. HP: 20/30 MP: 4/7
  1502 | D:2      | Reached skill level 6 in Hexes
  1956 | D:2      | Got a wizard robe
  1957 | D:2      | Identified the cursed -4 robe "Huckumma" {Dex+3} (You found it on level 2 of the Dungeon)
  2301 | D:3      | Found a basalt altar of Yredelemnul.
  2301 | D:3      | Found a white marble altar of Elyvilon.
  2342 | D:3      | Reached skill level 5 in Stealth
  2513 | D:3      | Reached XP level 5. HP: 35/35 MP: 9/9
  2845 | D:4      | Found Odewogos' General Store.
  2864 | D:4      | Bought a scroll of identify for 20 gold pieces
  2934 | D:4      | Noticed Grinder
  2936 | D:4      | Gained mutation: You have an increased reservoir of magic (+10% MP). [potion of beneficial mutation]
  2941 | D:4      | Killed Grinder
  2941 | D:4      | Reached skill level 8 in Hexes
  2941 | D:4      | Reached XP level 6. HP: 23/41 MP: 6/10
  3100 | D:4      | Learned a level 2 spell: Sure Blade
  3171 | D:4      | Reached XP level 7. HP: 35/46 MP: 12/12
  3424 | D:4      | Reached skill level 9 in Hexes
  3544 | D:4      | Noticed a phantom
  3631 | D:4      | Killed a phantom
  4090 | D:5      | Entered Level 5 of the Dungeon
  4204 | D:5      | Reached skill level 10 in Hexes
  4280 | D:5      | Found a glowing drain.
  4306 | Sewer    | Entered a sewer
  4444 | Sewer    | Reached skill level 5 in Short Blades
  4472 | Sewer    | Reached XP level 8. HP: 52/52 MP: 14/14
  5168 | D:5      | Learned a level 3 spell: Dazzling Spray
  5386 | D:5      | Found an ancient bone altar of Kikubaaqudgha.
  5389 | D:5      | Found a shattered altar of Ashenzari.
  5396 | D:5      | Became a worshipper of Ashenzari the Shackled
  5460 | D:5      | Reached skill level 11 in Hexes
  5694 | D:5      | Found a shadowy altar of Dithmenos.
  5926 | D:5      | Noticed Crazy Yiuf
  5929 | D:5      | Killed Crazy Yiuf
  5982 | D:6      | Reached skill level 1 in Evocations
  5997 | D:6      | Noticed Menkaure
  6158 | D:6      | Killed Menkaure
  6495 | D:4      | Bought a +2 leather armour of fire resistance for 190 gold pieces
  6818 | D:6      | Reached XP level 9. HP: 57/57 MP: 0/14
  7495 | D:7      | Reached skill level 10 in Stealth
  7495 | D:7      | Reached skill level 12 in Hexes
  7893 | D:7      | Reached skill level 5 in Evocations
  7981 | D:7      | Found a staircase to the Ecumenical Temple.
  8067 | Temple   | Entered the Ecumenical Temple
  8193 | D:7      | Found a bloodstained altar of Trog.
  8433 | D:8      | Noticed Blork the orc
  8439 | D:8      | Killed Blork the orc
  8845 | D:8      | Found a staircase to the Lair.
  8885 | D:8      | Reached XP level 10. HP: 63/63 MP: 14/20
  8905 | D:8      | Reached skill level 13 in Hexes
  8944 | D:8      | HP: 2/63 [orc priest/divine providence (13)]
  8946 | D:8      | Killed from afar by an orc priest

Action                   |  1- 3 |  4- 6 |  7- 9 | 10-12 || total
-------------------------+-------+-------+-------+-------++-------
Melee: Dagger            |    83 |   120 |   456 |    13 ||   672
Throw: Dart              |       |       |     1 |       ||     1
 Cast: Corona            |     1 |       |       |       ||     1
       Ensorcelled Hiber |    15 |    27 |   173 |    11 ||   226
       Confuse           |       |     1 |    13 |       ||    14
 Abil: Evoke Invisibilit |       |       |     1 |       ||     1
  Use: Potion            |     1 |     2 |    11 |       ||    14
       Scroll            |     1 |     8 |     9 |     2 ||    20
 Stab: Sleeping          |    16 |    22 |   124 |     4 ||   166
       Confused          |       |     2 |     7 |       ||     9
       Invisible         |       |       |     2 |       ||     2
       Distracted        |       |       |       |     1 ||     1
